 Dungeon Crawl Stone Soup version 0.32-a0-675-gdc239d62e1 (webtiles) character file.

Game seed: 1575013113481076999

18856 bobo the Fighter (level 12, -4/105 HPs)
             Began as a Barachi Hunter on Mar 12, 2024.
             Was a High Priest of Nemelex Xobeh.
             Slain by an elephant (8 damage)
             ... on level 2 of the Lair of Beasts.
             The game lasted 00:54:59 (13454 turns).

bobo the Fighter (Barachi Hunter)                  Turns: 13454, Time: 00:55:03

Health: -4/105     AC:  8    Str: 20    XL:     12   Next: 62%
Magic:  19/19      EV: 13    Int: 10    God:    Nemelex Xobeh [*****.]
Gold:   356        SH:  0    Dex: 24    Spells: 11/17 levels left

rFire   + . .        K - +0 orcbow (freeze)
rCold   . . .        (shield currently unavailable)
rNeg    . . .        G - +0 steam dragon scales
rPois   +            (no helmet)
rElec   .            y - +0 cloak
rCorr   +            g - +0 pair of gloves
SInv    .            B - +0 pair of boots
Will    .....        a - amulet "Mudystrigg" {rPois Regen+ Str+7}
Stlth   +++          j - ring "Xyblas" {rCorr Dex+4}
HPRegen 1.17/turn    n - ring of protection from fire
MPRegen 0.16/turn

%: no passive effects
@: unable to hop, slow
A: amphibious, slowness 1, strong legs 1, +LOS
a: Hop, Renounce Religion, Draw Escape, Draw Destruction, Draw Summoning, Triple
Draw, Deal Four, Stack Five


You were on level 2 of the Lair of Beasts.
You worshipped Nemelex Xobeh.
Nemelex Xobeh was extremely pleased with you.
You visited 3 branches of the dungeon, and saw 16 of its levels.
You also visited: Bailey.

You collected 745 gold pieces.
You spent 389 gold pieces at shops.

Inventory:

Hand Weapons
 E - a +3 heavy shortbow
 K - a +0 orcbow of freezing (weapon)
Missiles
 z - a throwing net
Armour
 d - a +2 robe of willpower
 g - a +0 pair of gloves (worn)
 y - a +0 cloak (worn)
 B - a +0 pair of boots (worn)
 G - +0 steam dragon scales (worn)
 I - a +0 plate armour
Jewellery
 a - the amulet "Mudystrigg" (around neck) {rPois Regen+ Str+7}
   (You found it on level 8 of the Dungeon)

   [amulet of regeneration]

   Str+7:     It affects your strength (+7).
   rPois:     It protects you from poison.
   Regen+:    It increases your rate of health regeneration.
 j - the ring "Xyblas" (left hand) {rCorr Dex+4}
   (You bought it in a shop on level 1 of the Dungeon)

   [ring of resist corrosion]

   Dex+4:     It affects your dexterity (+4).
   rCorr:     It protects you from acid and corrosion.
 n - a ring of protection from fire (right hand)
 J - a ring of flight
Wands
 e - a wand of digging (6)
 k - a wand of quicksilver (8)
 s - a wand of flame (2)
 w - a wand of roots (3)
 F - a wand of polymorph (5)
Scrolls
 b - a scroll of butterflies
 i - a scroll of immolation
 l - 3 scrolls of noise
 m - a scroll of enchant armour
 u - 3 scrolls of vulnerability
 A - a scroll of acquirement {unknown}
 C - a scroll of silence {unknown}
 L - 2 scrolls of identify
 M - a scroll of revelation
Potions
 c - a potion of mutation
 f - 8 potions of might
 h - 3 potions of magic
 p - 2 potions of lignification {unknown}
 q - a potion of haste {unknown}
 r - 3 potions of brilliance
 x - a potion of attraction {unknown}
 D - a potion of berserk rage {unknown}
 H - 2 potions of resistance {unknown}
 N - a potion of invisibility {unknown}


   Skills:
 + Level 13.6 Fighting
 + Level 11.9 Ranged Weapons
 - Level 2.1 Dodging
 - Level 5.0 Stealth
 - Level 3.0 Spellcasting
 - Level 4.0 Ice Magic
 + Level 10.2 Invocations


You had 11 spell levels left.
You knew the following spells:

 Your Spells              Type           Power      Damage    Failure   Level
a - Ozocubu's Armour      Ice            9%         N/A       16%         3
z - Frozen Ramparts       Ice            18%        1d3       16%         3

Your spell library contained the following spells:

 Spells                   Type           Power      Damage    Failure   Level
 Freeze                   Ice            36%        1d5       5%          1
 Kiss of Death            Conj/Necr      4%         2d5       28%         1
 Sting                    Conj/Alch      4%         1d3       28%         1
 Hailstorm                Conj/Ice       5%         3d5       36%         3
 Summon Ice Beast         Ice/Summ       5%         N/A       36%         3
 Mercury Vapours          Alch/Air       2%         N/A       38%         2
 Sublimation of Blood     Necr           1%         N/A       38%         2
 Dazzling Flash           Conj/Hex       2%         N/A       63%         3
 Fugue of the Fallen      Necr           1%         N/A       63%         3
 Volatile Blastmotes      Fire/Tloc      2%         2d10      63%         3
 Manifold Assault         Tloc           1%         N/A       95%         4
 Olgreb's Toxic Radiance  Alch           1%         N/A       95%         4
 Petrify                  Alch/Erth      1%         N/A       95%         4
 Irradiate                Conj/Alch      0%         3d11      100%        5
 Starburst                Conj/Fire      0%         6d3       100%        6
 Maxwell's Capacitive Co  Air            0%         ∞         100%        8


Dungeon Overview and Level Annotations

Branches:
Dungeon (11/15)            Temple (0/1) D:5            Lair (3/5) D:11
    Orc (2/2) D:9          Bailey (visited)
  Swamp: Lair:2-3    Shoals: Lair:2-3     Snake: Lair:2-3    Spider: Lair:2-3
    Elf: Orc:2

Altars:
Cheibriados
Dithmenos
Hepliaklqana
Makhleb
Nemelex Xobeh
Okawaru
Qazlal
Sif Muna
Trog
Uskayaw
Xom
Yredelemnul
Zin
The Shining One

Shops:
D:1 =   D:5 ::   D:6 :


Innate Abilities, Weirdness & Mutations

You are amphibious.
You cover ground slowly.
You can hop short distances.
You have an extended range of vision and can be seen from far away.


Message History

The elephant is engulfed in poison gas.
The elephant looks as sick as possible!
The komodo dragon completely misses you.
The elephant is engulfed in poison gas.
The elephant looks as sick as possible!
The elephant tramples you.
You hold your ground!
The elephant trunk-slaps you but does no damage.
You shoot an arrow.
The arrow closely misses the komodo dragon.
The elephant is engulfed in poison gas.
The elephant looks as sick as possible!
The elephant is engulfed in poison gas.
The elephant looks as sick as possible!
You shoot an arrow.
The arrow barely misses the komodo dragon.
You kill the elephant!
The elephant is engulfed in poison gas.
The elephant looks as sick as possible!
The komodo dragon bites you!!
* * * LOW HITPOINT WARNING * * *
The elephant is engulfed in poison gas.
The elephant looks as sick as possible! x2
You shoot an arrow.
The arrow barely misses the komodo dragon.
The water moccasin bites you but does no damage.
The elephant is engulfed in poison gas.
The elephant looks as sick as possible!
The elephant is engulfed in poison gas.
The elephant looks as sick as possible!
The komodo dragon bites you!
* * * LOW HITPOINT WARNING * * *
You feel better.
You feel a bit more experienced. The water moccasin bites you!
* * * LOW HITPOINT WARNING * * *
The water moccasin misses you.
The elephant is engulfed in poison gas.
The elephant looks as sick as possible!
You kill the elephant!
You draw a card...
You have drawn Exile.
The water moccasin is devoured by a tear in reality.
The komodo dragon is no longer moving slowly.
The komodo dragon bites you but does no damage.
The elephant is engulfed in poison gas.
The elephant looks as sick as possible!
You draw a card...
You have drawn the Cloud.
Clouds appear around your foes! The komodo dragon bites you!
* * * LOW HITPOINT WARNING * * *
The elephant is engulfed in poison gas.
The elephant looks as sick as possible!
The elephant tramples you!
You die...
Your body glows slightly and disappears.

#...####....#
##...........
#..........#
#..○°......#
##.☼☼°....#
#P...°....#
##.○§☼....#
###YY°☼...##
##@#§..Y...#
##l☼°☼.#### ###
.##☼.#..#.# ##+..#
#...°.○....# #.....
#....°☼.....##.....
#.....○○...☼........
#......☼..○...+.....
##.>.....☼.#.##.....
#..........###.<...


You could see 2 elephants and a komodo dragon (poisoned).

Vanquished Creatures
  A vault guard (Bailey)
  Harold (D:11)
  Erolcha (D:9)
  A catoblepas (Lair:1)
  A two-headed ogre (D:10)
  2 oklob plants (D:11)
  A black mamba (Lair:1)
  3 elephants (Lair:2)
  3 cane toads (Lair:1)
  A gargoyle (D:10)
  Jeremiah (D:7)
  An unseen horror (D:10)
  2 kobold demonologists
  5 komodo dragons
  A troll (D:11)
  Prince Ribbit (Bailey)
  12 yaks
  5 humans (Bailey)
  3 wyverns
  A naga (Lair:3)
  4 vampire mosquitoes (D:11)
  A steam dragon (D:8)
  Menkaure (D:4)
  An acid dragon (D:11)
  4 water moccasins
  2 orc warriors
  2 sky beasts (D:7)
  An ogre (Orc:1)
  8 centaurs
  A phantom (D:7)
  15 bullfrogs
  2 kobold brigands
  6 wights
  6 killer bees
  4 electric eels (D:6)
  2 howler monkeys (D:10)
  4 hounds (D:5)
  A quasit (D:4)
  2 jellies
  2 gnoll boudas (D:9)
  5 orc priests
  Jessica (D:3)
  5 iguanas
  2 sleepcaps (D:5)
  Natasha (twice) (D:4)
  5 orc wizards
  A human simulacrum (D:7)
  15 gnolls
  9 adders
  2 shadow imps
  A white imp (D:6)
  6 ufetubi
  3 ribbon worms
  2 dart slugs
  33 orcs
  7 bats
  6 endoplasms
  5 giant cockroaches
  9 goblins
  13 hobgoblins
  11 jackals
  14 kobolds
  3 quokkas
  10 ball pythons
  11 frilled lizards
  7 rats
304 creatures vanquished.

Vanquished Creatures (collateral kills)
  A vault guard (Bailey)
  Duvessa (D:5)
  An ice beast (D:7)
  An ogre (D:5)
  4 wights (D:7)
  Dowan (D:5)
  2 killer bees (D:8)
  An orc (D:8)
12 creatures vanquished.

Vanquished Creatures (others)
  A gnoll bouda (D:7)
  A human simulacrum (D:7)
2 creatures vanquished.

Grand Total: 318 creatures vanquished

Notes
Turn   | Place    | Note
-------+----------+-------------------------------------------
     0 | D:1      | bobo the Barachi Hunter began the quest for the Orb.
     0 | D:1      | Reached XP level 1. HP: 17/17 MP: 1/1
     6 | D:1      | Reached skill level 1 in Stealth
    36 | D:1      | Reached XP level 2. HP: 23/23 MP: 2/2
   201 | D:1      | Reached skill level 3 in Fighting
   306 | D:1      | Reached XP level 3. HP: 29/29 MP: 3/3
   366 | D:1      | Found Piacs's One-of-a-Kind Rings.
   545 | D:1      | You fall into a shaft and drop 1 floor!
   648 | D:2      | Found a faded altar of an unknown god.
   656 | D:2      | Prayed at the altar of an unknown god.
   656 | D:2      | Became a worshipper of Nemelex Xobeh the Trickster
   656 | D:2      | Reached * piety under Nemelex Xobeh
   656 | D:2      | Received a gift from Nemelex Xobeh
  1008 | D:2      | Reached XP level 4. HP: 35/35 MP: 4/4
  1099 | D:2      | Found a shimmering blue altar of Sif Muna.
  1131 | D:2      | Received a gift from Nemelex Xobeh
  1494 | D:3      | Noticed Jessica
  1496 | D:3      | Killed Jessica
  1497 | D:3      | Reached skill level 1 in Invocations
  1499 | D:3      | Got the Parchment of Firn and Left-Handed Magic
  1599 | D:3      | Reached ** piety under Nemelex Xobeh
  1679 | D:3      | Reached XP level 5. HP: 42/42 MP: 5/5
  1814 | D:3      | Found a glowing silver altar of Zin.
  1947 | D:3      | Reached skill level 4 in Fighting
  2061 | D:3      | Received a gift from Nemelex Xobeh
  2207 | D:4      | Noticed Menkaure
  2218 | D:4      | Killed Menkaure
  2219 | D:4      | Reached skill level 5 in Ranged Weapons
  2219 | D:4      | Reached XP level 6. HP: 49/49 MP: 7/7
  2311 | D:4      | Noticed Natasha
  2314 | D:4      | Natasha changed into Natasha the orc
  2314 | D:4      | Noticed Natasha
  2315 | D:4      | Killed Natasha the orc
  2576 | D:4      | Noticed Natasha
  2591 | D:4      | Killed Natasha
  2632 | D:4      | Noticed Natasha
  2637 | D:4      | Killed Natasha
  2734 | D:4      | Found a burning altar of Makhleb.
  2763 | D:4      | Received a gift from Nemelex Xobeh
  2767 | D:4      | Noticed Grinder
  2768 | D:4      | Grinder changed into Grinder the quasit
  2768 | D:4      | Noticed Grinder
  2782 | D:4      | Killed Grinder the quasit
  2971 | D:5      | Entered Level 5 of the Dungeon
  2994 | D:5      | Reached XP level 7. HP: 50/55 MP: 8/8
  3029 | D:5      | Found a shimmering altar of Xom.
  3048 | D:5      | Reached skill level 5 in Fighting
  3196 | D:5      | Found a staircase to the Ecumenical Temple.
  3202 | D:5      | Reached *** piety under Nemelex Xobeh
  3222 | D:5      | Found Maomafagi's Book Shoppe.
  3294 | D:5      | Noticed a kobold demonologist
  3298 | D:5      | Noticed Duvessa
  3300 | D:5      | Noticed Dowan
  3303 | D:5      | Noticed a neqoxec
  3307 | D:5      | Killed a kobold demonologist
  3308 | D:5      | Killed Dowan
  3317 | D:5      | Reached XP level 8. HP: 60/64 MP: 10/10
  3324 | D:5      | Killed Duvessa
  3325 | D:5      | Reached skill level 6 in Fighting
  3366 | D:5      | Found Uronuj's Book Emporium.
  3382 | D:5      | Found a stormy altar of Qazlal.
  3382 | D:5      | Received a gift from Nemelex Xobeh
  3684 | D:5      | Found a snail-covered altar of Cheibriados.
  3684 | D:5      | Found a glowing golden altar of the Shining One.
  3689 | D:5      | Found a shimmering blue altar of Sif Muna.
  3826 | D:6      | Found Moeh's Self-Published Books.
  4101 | D:6      | Received a gift from Nemelex Xobeh
  4538 | D:6      | Reached skill level 5 in Stealth
  5292 | D:7      | Noticed Jeremiah
  5309 | D:7      | Killed Jeremiah
  5310 | D:7      | Reached skill level 7 in Fighting
  5310 | D:7      | Reached XP level 9. HP: 64/72 MP: 12/12
  5318 | D:7      | Reached skill level 5 in Invocations
  5391 | D:7      | Learned a level 3 spell: Ozocubu's Armour
  5460 | D:7      | Received a gift from Nemelex Xobeh
  5462 | D:7      | Reached **** piety under Nemelex Xobeh
  5597 | D:7      | Reached skill level 1 in Spellcasting
  5597 | D:7      | Reached skill level 1 in Ice Magic
  6031 | D:7      | Reached skill level 8 in Fighting
  6133 | D:7      | Found a hazy altar of Hepliaklqana.
  6442 | D:7      | Found a bloodstained altar of Trog.
  6746 | D:8      | Received a gift from Nemelex Xobeh
  6815 | D:8      | Identified the amulet "Mudystrigg" {rPois Regen+ Str+7}
  6820 | D:8      | Found a basalt altar of Yredelemnul.
  6897 | D:8      | Found a hide-covered altar of Uskayaw.
  6988 | D:8      | Found a shadowy altar of Dithmenos.
  7127 | D:8      | Reached XP level 10. HP: 62/82 MP: 14/14
  7294 | D:8      | Reached skill level 9 in Fighting
  7617 | D:9      | Received a gift from Nemelex Xobeh
  7617 | D:9      | Reached ***** piety under Nemelex Xobeh
  7619 | D:9      | Found a flagged portal.
  7696 | Bailey   | Entered a bailey
  7793 | Bailey   | HP: 3/83 [human/+1 heavy hand axe (12)]
  7800 | Bailey   | HP: 4/83 [human/+0 war axe (6)]
  8173 | Bailey   | Noticed Prince Ribbit
  8173 | Bailey   | Noticed a vault guard
  8187 | Bailey   | Killed Prince Ribbit
  8187 | Bailey   | Killed a vault guard
  8188 | Bailey   | Reached skill level 10 in Fighting
  8229 | Bailey   | Noticed a vault guard
  8242 | Bailey   | Killed a vault guard
  8309 | D:9      | Reached XP level 11. HP: 89/92 MP: 16/16
  8447 | D:9      | Noticed a sun demon
  8562 | D:9      | Received a gift from Nemelex Xobeh
  8701 | D:9      | Reached skill level 11 in Fighting
  8714 | D:9      | Noticed Erolcha
  8720 | D:9      | Killed Erolcha
  8721 | D:9      | Reached skill level 10 in Ranged Weapons
  8788 | D:9      | Found a staircase to the Orcish Mines.
  8917 | D:10     | Entered Level 10 of the Dungeon
  9108 | D:10     | Found an iron altar of Okawaru.
  9400 | D:11     | Noticed an oklob plant
 10000 | D:10     | Noticed a two-headed ogre
 10015 | D:10     | Killed a two-headed ogre
 10516 | D:11     | Noticed Harold
 10537 | D:11     | HP: 1/74 [vampire mosquito (7)]
 10853 | D:1      | Bought the ring "Xyblas" {rCorr Dex+4} for 389 gold pieces
 11066 | Orc:1    | Entered Level 1 of the Orcish Mines
 11100 | Orc:2    | Entered Level 2 of the Orcish Mines
 11100 | Orc:2    | Received a gift from Nemelex Xobeh
 11210 | D:11     | Killed Harold
 11211 | D:11     | Reached skill level 12 in Fighting
 11648 | D:11     | Found a staircase to the Lair.
 11648 | D:11     | Noticed an oklob plant
 11696 | D:11     | Killed an oklob plant
 11754 | D:11     | Killed an oklob plant
 11789 | Lair:1   | Entered Level 1 of the Lair of Beasts
 11920 | Lair:1   | Learned a level 3 spell: Frozen Ramparts
 11923 | Lair:1   | Noticed a catoblepas
 11929 | Lair:1   | Reached XP level 12. HP: 90/103 MP: 15/18
 11965 | Lair:1   | Killed a catoblepas
 12327 | Lair:1   | Received a gift from Nemelex Xobeh
 12501 | Lair:1   | Reached skill level 13 in Fighting
 13337 | Lair:1   | Reached skill level 10 in Invocations
 13338 | Lair:1   | HP: 5/105 [komodo dragon (10)]
 13339 | Lair:1   | HP: 1/105 [komodo dragon (12)]
 13454 | Lair:2   | HP: 4/105 [komodo dragon (17)]
 13454 | Lair:2   | Slain by an elephant

Illustrated notes

Levels and vault maps discovered:
D:1:      dpeg_arrival_boxorama, layout_rooms, nicolae_shop_unique_rings,
          minmay_lizard_king
D:2:      wad_lake_hut, layout_basic, basic_altar,
          hellmonk_ecumenical_altar_blasted
D:3:      layout_basic, zin_statuary, uniq_jessica
D:4:      layout_basic, mainiacjoe_overflow_alcove_4, st_stairs_14,
          amcnicky_mini_pool_small, uniq_natasha, uniq_menkaure, uniq_grinder
D:5:      layout_basic, lemuel_crystal_altar, minitemple,
          minmay_temple_entry_sparse_star, serial_shops, shop,
          nicolae_book_shop_shelving, kennysheep_cross_bottleneck, uniq_duvessa
D:6:      layout_rooms, nicolae_custom_books, chequers_big_river
D:7:      layout_cave_pods, mainiacjoe_overflow_24_doors,
          mainiacjoe_overflow_six_doors_small, bh_circular_ruins, uniq_jeremiah
D:8:      layout_loops_ring, mainiacjoe_overflow_brackets,
          lemuel_coloured_pillars_altar, kennysheep_little_box, st_stairs_1
D:9:      layout_big_octagon, hiddenorc1_lemuel, enter_bailey_5, uniq_erolcha
D:10:     layout_gridville, lemuel_crystal_altar
D:11:     layout_loops_ring, dpeg_oklobed_lair, chequers_serial_rivers_large_a,
          nicolae_tricolors, uniq_harold
Lair:1:   layout_cave_pods, grunt_megastairs_2, serial_bayou_shore_b
Lair:2:   layout_roguey, beast_lair_carwin_6, infiniplex_staircase_pool
Lair:3:   gammafunk_mikee_crab_dinner, layout_loops_ring,
          minmay_shoals_entry_hut, guppyfry_snake_entry_garden
Orc:1:    layout_caves, nicolae_orc_minecarts
Orc:2:    st_orc_ogre_mass, layout_caves, gauntlet_entry_generic,
          hellmonk_guarded_unrand_dark_maul

Skill      XL: |  1  2  3  4  5  6  7  8  9 10 11 12 |
---------------+-------------------------------------+-----
Stealth        | 1 2 3 4 5 |  5.0
Fighting       | 3 4 5 7 8 10 12 13 | 13.6
Invocations    | 1 2 3 4 5 7 9 10 | 10.2
Ranged Weapons | 5 6 7 8 9 11 | 11.9
Spellcasting   | 3 |  3.0
Ice Magic      | 3 4 |  4.0
Dodging        | |  2.1

Action                     |  1- 3 |  4- 6 |  7- 9 | 10-12 || total
---------------------------+-------+-------+-------+-------++-------
  Melee: Shortbow          |       |       |     3 |       ||     3
   Fire: Shortbow          |   106 |   174 |   341 |   209 ||   830
         Orcbow            |       |       |       |   389 ||   389
   Cast: Ozocubu's Armour  |       |       |     2 |    10 ||    12
         Frozen Ramparts   |       |       |       |     8 ||     8
 Invoke: Draw Destruction  |       |    10 |    23 |    24 ||    57
         Draw Escape       |       |       |     3 |    17 ||    20
         Draw Summoning    |       |       |     2 |     4 ||     6
Ability: Hop               |     1 |     4 |    11 |    17 ||    33
  Evoke: Wand              |       |       |     8 |     5 ||    13
    Use: Scroll            |       |       |    10 |    15 ||    25
         Potion            |       |       |       |     8 ||     8
 Armour: Leather armour    |    20 |    61 |   105 |       ||   186
         Robe              |       |       |    37 |       ||    37
         Steam dragon scal |       |       |     5 |   342 ||   347
  Dodge: Dodged            |    21 |    69 |   113 |   250 ||   453

Table legend: (Time is in decaauts)
 A = Elapsed time spent in this place.
 B = Non-inter-level travel time spent in this place.
 C = Inter-level travel time spent in this place.
 D = Time resting spent in this place.
 E = Time spent auto-exploring this place.
 F = Levels seen in this place.
 G = Mean time per level.
                   A        B        C        D        E       F      G
               +--------+--------+--------+--------+--------+-----+--------+
         Total |  15368 |  14289 |   1079 |   1257 |   9858 |  17 |  904.0 |
       Dungeon |  12829 |  11844 |    985 |    882 |   8560 |  11 | 1166.3 |
          Lair |   1850 |   1770 |     80 |    159 |   1174 |   3 |  616.7 |
  Orcish Mines |     49 |     36 |     13 |      0 |     27 |   2 |   24.5 |
        Bailey |    639 |    639 |      0 |    215 |     96 |   1 |  639.0 |
               +--------+--------+--------+--------+--------+-----+--------+

Top non-repeatable levels by time:
     D:7: 1633 daAuts
  Lair:1: 1584 daAuts
    D:11: 1456 daAuts
     D:5: 1319 daAuts
     D:6: 1301 daAuts
    D:10: 1237 daAuts
     D:8: 1157 daAuts
     D:4: 1053 daAuts
     D:2: 969 daAuts
     D:9: 966 daAuts
     D:3: 916 daAuts
     D:1: 817 daAuts
  Bailey: 639 daAuts
  Lair:3: 167 daAuts
  Lair:2: 98 daAuts
